 Dungeon Crawl Stone Soup version 0.31.0-12-g77e489cdc1 (webtiles) character file.

Game seed: 809078493732959634

450 NotreDorf the Magician (level 6, -4/41 HPs)
             Began as a Mummy Hedge Wizard on Mar 2, 2024.
             Was an Initiate of Sif Muna.
             Slain by a water moccasin (7 damage)
             ... on level 5 of the Dungeon.
             The game lasted 00:15:43 (4542 turns).

NotreDorf the Magician (Mummy Hedge Wizard)         Turns: 4542, Time: 00:15:43

Health: -4/41      AC: 10    Str: 13    XL:     6   Next: 74%
Magic:  12/24      EV: 12    Int: 15    God:    Sif Muna [......]
Gold:   232        SH:  0    Dex: 12    Spells: 12/18 levels left

rFire   x . .        d - +0 war axe (protect)
rCold   + + .        (no shield)
rNeg    + + +        b - +0 robe
rPois   ∞            c - +0 hat
rElec   .            g - +0 cloak
rCorr   .            (no gloves)
SInv    .            (no boots)
Will    .....        (no amulet)
Stlth   ++           i - ring of protection from cold
HPRegen 0.26/turn    l - ring of magical power
MPRegen 0.19/turn

%: faith
@: under a protective aura
A: cold resistance 1, negative energy resistance 3, torment resistance 2, heat
vulnerability 1, in touch with death 1, no potions, faith
a: Renounce Religion


You were on level 5 of the Dungeon.
You worshipped Sif Muna.
Sif Muna was noncommittal.
You visited 2 branches of the dungeon, and saw 6 of its levels.

You collected 232 gold pieces.

Inventory:

Hand Weapons
 d - a +0 war axe of protection (weapon)
 f - a +1 short sword of draining
Missiles
 m - a throwing net
Armour
 b - a +0 robe (worn)
 c - a +0 hat (worn)
 g - a +0 cloak (worn)
Jewellery
 a - an amulet of the acrobat
 i - a ring of protection from cold (left hand)
 l - a ring of magical power (right hand)
 n - a +6 ring of strength
Wands
 h - a wand of mindburst (37)
Scrolls
 e - 2 scrolls of teleportation
 j - a scroll of fog
 k - a scroll of identify


   Skills:
 - Level 2.1 Dodging
 - Level 1.5 Stealth
 + Level 6.8 Spellcasting
 - Level 3.3 Conjurations
 - Level 0.7 Summonings
 - Level 0.7 Translocations
 + Level 1.4 Air Magic
 + Level 1.4 Alchemy


You had 12 spell levels left.
You knew the following spells:

 Your Spells              Type           Power      Damage    Failure   Level
a - Magic Dart            Conj           60%        1d6       3%          1
b - Blink                 Tloc           14%        N/A       16%         2
c - Mephitic Cloud        Conj/Alch/Air  11%        N/A       19%         3

Your spell library contained the following spells:

 Spells                   Type           Power      Damage    Failure   Level
 Slow                     Hex            20%        N/A       14%         1
 Cigotuvi's Dreadful Rot  Necr/Alch/Air  22%        N/A       14%         2
 Call Imp                 Summ           14%        N/A       16%         2
 Petrify                  Alch/Erth      7%         N/A       71%         4
 Cause Fear               Hex            2%         N/A       80%         4
 Irradiate                Conj/Alch      6%         3d13      82%         5
 Fireball                 Conj/Fire      5%         3d5       88%         5
 Dragon's Call            Summ           3%         N/A       100%        9
 Sublimation of Blood     Necr           Unusable   N/A       N/A         2

Dungeon Overview and Level Annotations

Branches:
Dungeon (5/15)             Temple (1/1) D:4

Altars:
Ashenzari
Dithmenos
Fedhas
Kikubaaqudgha
Makhleb
Nemelex Xobeh
Okawaru
Qazlal
Ru
Sif Muna
Trog
Vehumet
Wu Jian
Xom
Yredelemnul


Innate Abilities, Weirdness & Mutations

You are immune to poison.
Your flesh is cold resistant. (rC+)
You are immune to negative energy. (rN+++)
You are immune to unholy pain and torment.
You are vulnerable to heat. (rF-)
You are in touch with the powers of death.
You do not drink.
You have a special connection with the divine. (Faith)


Message History

You hit the water moccasin.
Your weapon exudes an aura of protection.
The water moccasin is heavily wounded.
The water moccasin bites you but does no damage.
The black bear closely misses the water moccasin.
The black bear barely misses the water moccasin.
The black bear claws the water moccasin.
The water moccasin bites you but does no damage.
Casting: Blink (safe; 16% risk of failure)
Confirm with . or Enter, or press ? or * to list all spells.
Aiming: Mephitic Cloud (quite dangerous; 19% risk of failure)
Press: ? - help, Shift-Dir - straight line The ball explodes into a vile cloud!
The stinking cloud engulfs the black bear.
The black bear is moderately wounded.
The stinking cloud engulfs the water moccasin.
The water moccasin is heavily wounded.
The stinking cloud engulfs you.
The water moccasin bites you but does no damage.
The black bear is engulfed in noxious fumes.
Unknown command.
You hit the water moccasin.
The water moccasin is severely wounded.
You hit the black bear.
You feel ready to blink again.
The water moccasin bites you but does no damage.
The black bear is engulfed in noxious fumes.
The black bear appears confused.
The water moccasin misses you.
The black bear is engulfed in noxious fumes.
The black bear appears confused.
The water moccasin attacks as it pursues you!
The water moccasin bites you.
* * * LOW HITPOINT WARNING * * *
The water moccasin bites you but does no damage.
The black bear is engulfed in noxious fumes.
The black bear appears confused.
You barely miss the water moccasin.
The water moccasin is severely wounded.
The water moccasin bites you!
You die...

#. ##.#########
...........
.........## .?.##... .
# #########§##.#
..####
......†..§h☼.### ....#
.########.§S@..# #.
#(. #..###(# #.. #
#.## .# #.###### #
#..# .# #......###
#..# .. <...#.##.
#..############.....?
#......#......##.....
#.#............##....
...#.............#....


You could see a water moccasin and a black bear (confused, poisoned).

Vanquished Creatures
  A black bear (D:5)
  A scorpion (D:5)
  A jelly (D:4)
  3 orc priests
  An iguana (D:5)
  An orc wizard (D:4)
  A gnoll (D:1)
  4 adders
  A dart slug (D:5)
  2 ribbon worms
  9 orcs
  9 ball pythons
  5 endoplasms
  A giant cockroach (D:3)
  7 goblins
  8 hobgoblins
  3 jackals (D:2)
  4 kobolds
  3 quokkas
  3 bats
  2 frilled lizards
  2 rats
72 creatures vanquished.

Notes
Turn   | Place    | Note
-------+----------+-------------------------------------------
     0 | D:1      | NotreDorf the Mummy Hedge Wizard began the quest for the
                  | Orb.
     0 | D:1      | Reached XP level 1. HP: 13/13 MP: 5/5
   165 | D:1      | Reached skill level 1 in Conjurations
   165 | D:1      | Reached XP level 2. HP: 19/19 MP: 0/7
   805 | D:1      | Reached XP level 3. HP: 24/24 MP: 6/8
  1089 | D:1      | Learned a level 2 spell: Blink
  1093 | D:1      | Learned a level 3 spell: Mephitic Cloud
  2891 | D:3      | Reached skill level 5 in Spellcasting
  2891 | D:3      | Reached XP level 4. HP: 28/30 MP: 3/11
  3225 | D:4      | Reached XP level 5. HP: 35/35 MP: 2/13
  3591 | D:4      | Reached skill level 6 in Spellcasting
  4012 | D:4      | Found a staircase to the Ecumenical Temple.
  4021 | Temple   | Entered the Ecumenical Temple
  4038 | Temple   | Became a worshipper of Sif Muna the Loreminder
  4290 | D:5      | Entered Level 5 of the Dungeon
  4348 | D:5      | Reached XP level 6. HP: 40/41 MP: 15/15
  4517 | D:5      | Noticed a water moccasin
  4534 | D:5      | Reached skill level 1 in Air Magic
  4534 | D:5      | Reached skill level 1 in Alchemy
  4542 | D:5      | Slain by a water moccasin

Illustrated notes

Levels and vault maps discovered:
D:1:      lemuel_arrival_rhombus, layout_basic
D:2:      layout_rooms
D:3:      layout_basic, feat_on_display
D:4:      layout_cave_pools, minmay_temple_entry_antechambers,
          hangedman_feature_mirror
D:5:      layout_rooms, minivault_5
Temple:   nicolae_temple_bog_church

Skill      XL: |  1  2  3  4  5  6 |
---------------+-------------------+-----
Conjurations   | 1 2 3 |  3.3
Dodging        | 2 |  2.1
Spellcasting   | 5 6 |  6.8
Air Magic      | 1 |  1.4
Alchemy        | 1 |  1.4
Stealth        | |  1.5
Summonings     | |  0.7
Translocations | |  0.7

Action                     |  1- 3 |  4- 6 || total
---------------------------+-------+-------++-------
  Melee: Dagger            |    13 |       ||    13
         Punch             |     1 |       ||     1
         Short sword       |    24 |    25 ||    49
         War axe           |       |    42 ||    42
   Cast: Magic Dart        |    99 |   110 ||   209
         Mephitic Cloud    |       |     7 ||     7
         Blink             |       |     1 ||     1
    Use: Scroll            |     4 |     2 ||     6
   Stab: Confused          |       |     5 ||     5
 Armour: Robe              |    35 |   106 ||   141
  Dodge: Dodged            |    31 |    93 ||   124
